 Dungeon Crawl Stone Soup version 0.29-a0-824-gd827844252 (webtiles) character file.

Game seed: 1479501330321953200

79 dolemite99 the Ruffian (level 4, -2/35 HPs)
             Began as a Minotaur Transmuter on July 9, 2022.
             Was a Follower of Jiyva.
             Slain by a gnoll
             ... wielding a +0 halberd
              (9 damage)
             ... on level 3 of the Dungeon.
             The game lasted 00:02:04 (2166 turns).

dolemite99 the Ruffian (Minotaur Transmuter)        Turns: 2166, Time: 00:02:05

Health: -2/35      AC:  5    Str: 16    XL:     4   Next: 16%
Magic:  5/5        EV: 11    Int: 10    God:    Jiyva [*.....]
Gold:   167        SH:  0    Dex: 11    Spells: 4/5 levels left

rFire   . . .      SeeInvis .     - Unarmed
rCold   . . .      Faith    .   (no shield)
rNeg    . . .      Spirit   .   d - +0 ring mail
rPois   .          Reflect  .   (helmet restricted)
rElec   .          Harm     .   (no cloak)
rCorr   .          Rampage  .   (no gloves)
Will    .....                   (no boots)
Stlth   +.........              (no amulet)
HPRegen 0.91/turn               (no ring)
MPRegen 0.34/turn               (no ring)

@: no status effects
A: horns 2, retaliatory headbutt
a: Renounce Religion


You were on level 3 of the Dungeon.
You worshipped Jiyva.
Jiyva was aware of your devotion.
You visited 1 branch of the dungeon, and saw 3 of its levels.

You collected 167 gold pieces.

Inventory:

Missiles
 m - 10 poisoned darts
Armour
 a - a +0 robe
 d - a +0 ring mail (worn)
Jewellery
 j - a ring of positive energy
 k - a ring of positive energy
Scrolls
 c - 3 scrolls of teleportation {unknown}
 f - 3 scrolls of identify {@r1}
 i - a scroll of blinking {unknown}
 l - a scroll of fear {unknown}
 o - 2 scrolls of noise {unknown}
 p - 2 scrolls of enchant armour {unknown}
Potions
 b - a potion of lignification
 e - a potion of curing {unknown}
 g - a potion of might {unknown}
 n - a potion of haste {unknown}


   Skills:
 - Level 1.2 Fighting
 - Level 2.1 Dodging
 + Level 5.5 Unarmed Combat
 - Level 1.3 Spellcasting
 - Level 1.5 Transmutations


You had 4 spell levels left.
You knew the following spells:

 Your Spells              Type           Power      Damage    Failure   Level
a - Beastly Appendage     Tmut           6%         N/A       34%         1

Your spell library contained the following spells:

 Spells                   Type           Power      Damage    Failure   Level
 Wereblood                Tmut           3%         N/A       45%         2
 Poisonous Vapours        Pois/Air       0%         N/A       67%         2
 Spider Form              Tmut/Pois      2%         N/A       80%         3
 Corpse Rot               Necr/Pois/Air  0%         N/A       99%         4
 Ice Form                 Ice/Tmut       2%         N/A       99%         4


Dungeon Overview and Level Annotations

Branches:
Dungeon (3/15)

Altars:
Kikubaaqudgha
Jiyva


Innate Abilities, Weirdness & Mutations

You have a pair of horns on your head.
You reflexively headbutt those who attack you in melee.


Message History

The bat hits the endoplasm.
The endoplasm freezes the bat.
The bat is frozen.
The gnoll hits the endoplasm with a +0 club.
The endoplasm hits the bat but does no damage.
The ball python attacks as you move away!
The ball python bites you but does no damage.
The gnoll hits the endoplasm with a +0 halberd!
The endoplasm dies!
The ball python bites you but does no damage.
The ball python barely misses you. The bat hits you but does no damage.
The bat hits you but does no damage. The bat hits you.
The bat barely misses you.
The ball python attacks as you move away!
The ball python bites you but does no damage.
The ball python barely misses you. The bat closely misses you.
The bat hits you.
You hit the bat.
You kill the bat!
You hit the ball python.
You kill the ball python!
The gnoll attacks as you move away! The gnoll barely misses you.
The gnoll closely misses you. You furiously retaliate!
You headbutt the gnoll, but do no damage.
The gnoll hits you with a +0 halberd.
You hit the gnoll. You punch the gnoll.
The gnoll is heavily wounded.
The gnoll closely misses you. The gnoll hits you but does no damage.
The gnoll hits you with a +0 halberd!
You hit the gnoll but do no damage.
The gnoll is heavily wounded.
The gnoll misses you. The gnoll completely misses you.
The gnoll hits you with a +0 halberd!
You closely miss the gnoll.
The gnoll is heavily wounded.
The gnoll hits you from afar with a +0 spear.
* * * LOW HITPOINT WARNING * * *
The gnoll hits you with a +0 halberd!
You die...

#.# ######.#### #.#
#.........#
##'###.####.##.#
##...##.# #.##.#
##.....#.# ##.##.#
#........# #...#.#
###.........###.....#
..+.................#
###............g@>..#
##.......####g#.###
##.....## #g########
##...## #g.......#
##+# #.######.#
#.######.# #.....##.#
#.###.##.#
######.###.##.#


You could see 4 gnolls.

Vanquished Creatures
  2 adders (D:2)
  A worm (D:3)
  3 dart slugs
  An orc (D:3)
  10 bats
  4 endoplasms
  3 giant cockroaches
  7 goblins
  2 hobgoblins (D:2)
  A quokka (D:2)
  5 ball pythons
  4 frilled lizards
  4 kobolds
  3 rats
  A spectral kobold (D:2)
51 creatures vanquished.

Vanquished Creatures (others)
  3 endoplasms (D:3)
  3 plants (D:2)
6 creatures vanquished.

Grand Total: 57 creatures vanquished

Notes
Turn   | Place    | Note
-------+----------+-------------------------------------------
     0 | D:1      | dolemite99 the Minotaur Transmuter began the quest for the
                  | Orb.
     0 | D:1      | Reached XP level 1. HP: 16/16 MP: 1/1
   482 | D:1      | Reached XP level 2. HP: 22/23 MP: 3/3
   490 | D:1      | Reached skill level 4 in Unarmed Combat
  1133 | D:2      | Reached XP level 3. HP: 28/28 MP: 4/4
  1420 | D:2      | Reached skill level 5 in Unarmed Combat
  1696 | D:2      | Found an ancient bone altar of Kikubaaqudgha.
  1708 | D:2      | Found a faded altar of an unknown god.
  1720 | D:2      | Prayed at the altar of an unknown god.
  1720 | D:2      | Became a worshipper of Jiyva Juomuozu the Shapeless
  1720 | D:2      | Reached * piety under Jiyva
  1804 | D:2      | Reached XP level 4. HP: 32/35 MP: 5/5
  2166 | D:3      | Slain by a gnoll

Illustrated notes

Levels and vault maps discovered:
D:1:      dpeg_arrival_court, layout_basic, minmay_tripent
D:2:      minmay_diamond_boxcup, layout_rooms,
          dreamdust_ecumenical_altar_drowned_temple, basic_altar, serial_forest,
          infiniplex_forest_lined_3, infiniplex_forest_straight_4,
          infiniplex_forest_clump_double, infiniplex_forest_straight_5,
          infiniplex_forest_end_2, minmay_pentomino_u2
D:3:      layout_loops_corners, nicolae_overflow_two_pavilions, minmay_ruptured

Skill      XL: |  1  2  3 |
---------------+----------+-----
Unarmed Combat | 4 5 |  5.5
Fighting       | |  1.2
Dodging        | |  2.1
Spellcasting   | |  1.3
Transmutations | |  1.5

Action                   |  1- 3 |  4- 6 || total
-------------------------+-------+-------++-------
Melee: Unarmed           |   118 |    16 ||   134
       Headbutt          |    17 |     3 ||    20
       Punch             |     2 |     2 ||     4
  Use: Scroll            |       |     1 ||     1
       Potion            |       |     1 ||     1
Armor: Robe              |     9 |       ||     9
       Ring mail         |    28 |    22 ||    50
Dodge: Dodged            |    55 |    32 ||    87

Table legend: (Time is in decaauts)
 A = Elapsed time spent in this place.
 B = Non-inter-level travel time spent in this place.
 C = Inter-level travel time spent in this place.
 D = Time resting spent in this place.
 E = Time spent auto-exploring this place.
 F = Levels seen in this place.
 G = Mean time per level.
                   A        B        C        D        E       F      G
               +--------+--------+--------+--------+--------+-----+--------+
         Total |   2161 |   2050 |    111 |    298 |   1333 |   3 |  720.3 |
       Dungeon |   2161 |   2050 |    111 |    298 |   1333 |   3 |  720.3 |
               +--------+--------+--------+--------+--------+-----+--------+

Top non-repeatable levels by time:
     D:2: 1006 daAuts
     D:1: 1003 daAuts
     D:3: 150 daAuts
